3L
FT. WORTH CATTLEMEN @ PANAMA CITY PIRANHAS
07/26/2038
 
TOP OF THE 1ST
Ft. Worth Cattlemen batting - Pitching for Panama City Piranhas : LHP Edison Larson
Pitching: LHP Edison Larson
Batting: RHB Keiran Calleson 0-0: Called Strike
0-1: SINGLE (Groundball, 56D, EV 99.4 MPH)
Batting: LHB Glen Allen Mixon 0-0: Swinging Strike
0-1: Ball
1-1: SINGLE (Groundball, 34D, EV 95.6 MPH)
Keiran Calleson to second
Runner from 2nd tries for 3rd, SAFE, no throw by RF
Batting: RHB Mario Álvarez 0-0: SINGLE (Groundball, 6MD, EV 96.9 MPH)
Keiran Calleson scores
Glen Allen Mixon to second
Batting: LHB Mario Ramos 0-0: Swinging Strike
0-1: Swinging Strike
0-2: Ball
1-2: Foul Ball, location: 2F
1-2: Ball
Wild Pitch!
Glen Allen Mixon to third
Mario Álvarez to second
2-2: Foul Ball, location: 2F
2-2: Strikes out swinging
Batting: RHB Augusto Encarnación 0-0: Foul Ball, location: 2F
0-1: Called Strike
0-2: Ball
1-2: Ball
2-2: Fly out, F6 (Line Drive, 6, EV 69.4 MPH)
Pitching: LHP Todd Serrano
Batting: LHB José Corona 0-0: Foul Ball, location: 2F
0-1: Ball
1-1: Ball
2-1: Ball
3-1: Swinging Strike
3-2: Fly out, F9 (Flyball, 9LS, EV 96.2 MPH)
Top of the 1st over - 1 run, 3 hits, 0 errors, 2 left on base; Ft. Worth 1 - Panama City 0
BOTTOM OF THE 1ST
Panama City Piranhas batting - Pitching for Ft. Worth Cattlemen : LHP Gustavo Tobías
Pitching: LHP Gustavo Tobías
Batting: RHB Petri Kallio 0-0: Foul Ball, location: 2F
0-1: Ball
1-1: Foul Ball, location: 2F
1-2: Fly out, F9 (Flyball, 9D, EV 103.1 MPH)
Batting: RHB Quindarious Monday 0-0: Ball
1-0: Ball
2-0: Called Strike
2-1: Ground out 5-3 (Groundball, 56S, EV 65.6 MPH)
Batting: RHB Craig Tricket 0-0: Called Strike
0-1: DOUBLE (Line Drive, 89D, EV 108.8 MPH)
Batting: RHB Silvio Bonauiti 0-0: Called Strike
0-1: Ball
1-1: Ball
2-1: Foul Ball, location: 2F
2-2: Ground out 6-3 (Groundball, 6M, EV 77.5 MPH)
Bottom of the 1st over - 0 runs, 1 hit, 0 errors, 1 left on base; Ft. Worth 1 - Panama City 0
TOP OF THE 2ND
Ft. Worth Cattlemen batting - Pitching for Panama City Piranhas : LHP Todd Serrano
Batting: LHB Craig Woods 0-0: Ball
1-0: Foul Ball, location: 2F
1-1: Ball
2-1: Foul Ball, location: 2F
2-2: Ball
3-2: Base on Balls
Batting: RHB Mun-wah Law 0-0: Ball
1-0: SINGLE (Flyball, 9S, EV 91.2 MPH)
Craig Woods to second
Runner from 2nd tries for 3rd, SAFE, throw by RF made to third
Batting: LHB Blake Browning 0-0: Called Strike
0-1: Ball
1-1: Called Strike
1-2: Strikes out looking
Batting: RHB Keiran Calleson 0-0: Foul Ball, location: 2F
0-1: Called Strike
0-2: Ball
1-2: Foul Ball, location: 2F
1-2: Foul Ball, location: 2F
1-2: Ball
2-2: SINGLE (Flyball, 9LS, EV 93.8 MPH)
Craig Woods scores
Mun-wah Law to second
Batting: LHB Glen Allen Mixon 0-0: Ball
1-0: Ball
2-0: Fly out, F7 (Flyball, 78S, EV 85.0 MPH)
Batting: RHB Mario Álvarez 0-0: Ball
1-0: Ball
2-0: Ball
3-0: Foul Ball, location: 2F
3-1: Fly out, F9 (Flyball, 89D, EV 91.2 MPH)
Top of the 2nd over - 1 run, 2 hits, 0 errors, 2 left on base; Ft. Worth 2 - Panama City 0
BOTTOM OF THE 2ND
Panama City Piranhas batting - Pitching for Ft. Worth Cattlemen : LHP Gustavo Tobías
Batting: SHB Tom Dickinson 0-0: Ground out 4-3 (Groundball, 4, EV 91.9 MPH)
Batting: RHB Chrysler Rodriguez 0-0: Called Strike
0-1: Called Strike
0-2: Fly out, F8 (Flyball, 89D, EV 101.9 MPH)
Batting: SHB Ben Boston 0-0: Called Strike
0-1: Called Strike
0-2: Ball
1-2: Ground out 6-3 (Groundball, 6, EV 95.0 MPH)
Bottom of the 2nd over - 0 runs, 0 hits, 0 errors, 0 left on base; Ft. Worth 2 - Panama City 0
TOP OF THE 3RD
Ft. Worth Cattlemen batting - Pitching for Panama City Piranhas : LHP Todd Serrano
Batting: LHB Mario Ramos 0-0: Ball
1-0: Ball
2-0: Ball
3-0: Called Strike
3-1: Called Strike
3-2: SINGLE (Line Drive, 3D, EV 103.1 MPH)
Batting: RHB Augusto Encarnación 0-0: Fly out, F9 (Flyball, 9D, EV 107.5 MPH)
Batting: LHB José Corona 0-0: Fly out, F7 (Flyball, 7, EV 75.0 MPH)
Batting: LHB Craig Woods 0-0: Called Strike
0-1: Ball
1-1: Ball
2-1: Foul Ball, location: 2F
2-2: SINGLE (Groundball, 56D, EV 110.0 MPH)
Mario Ramos to second
Batting: RHB Mun-wah Law 0-0: Called Strike
0-1: Ball
1-1: Ball
2-1: Swinging Strike
2-2: Ball
3-2: Strikes out swinging
Top of the 3rd over - 0 runs, 2 hits, 0 errors, 2 left on base; Ft. Worth 2 - Panama City 0
BOTTOM OF THE 3RD
Panama City Piranhas batting - Pitching for Ft. Worth Cattlemen : LHP Gustavo Tobías
Batting: LHB King Rutledge 0-0: Swinging Strike
0-1: Ground out 4-3 (Groundball, 4, EV 90.0 MPH)
Batting: RHB Arnie Taylor 0-0: Called Strike
0-1: Foul Ball, location: 2F
0-2: Ball
1-2: Foul Ball, location: 2F
1-2: Ball
2-2: Ground out 6-3 (Groundball, 56D, EV 104.4 MPH)
Batting: RHB Petri Kallio 0-0: Called Strike
0-1: Ball
1-1: Fly out, F8 (Flyball, 8RM, EV 94.4 MPH)
Bottom of the 3rd over - 0 runs, 0 hits, 0 errors, 0 left on base; Ft. Worth 2 - Panama City 0
TOP OF THE 4TH
Ft. Worth Cattlemen batting - Pitching for Panama City Piranhas : LHP Todd Serrano
Batting: LHB Blake Browning 0-0: Ball
1-0: Fly out, F8 (Flyball, 8LD, EV 96.9 MPH)
Batting: RHB Keiran Calleson 0-0: Ball
1-0: Ground out 4-3 (Groundball, 4S, EV 88.1 MPH)
Batting: LHB Glen Allen Mixon 0-0: Ball
1-0: SOLO HOME RUN (Flyball, 9D, EV 88.1 MPH), Distance : 377 ft
Batting: RHB Mario Álvarez 0-0: Called Strike
0-1: SINGLE (Groundball, 6MD, EV 106.2 MPH)
Batting: LHB Mario Ramos 0-0: Called Strike
0-1: Called Strike
0-2: Ball
1-2: Ball
2-2: Ground out 4-3 (Groundball, 4D, EV 98.8 MPH)
Top of the 4th over - 1 run, 2 hits, 0 errors, 1 left on base; Ft. Worth 3 - Panama City 0
BOTTOM OF THE 4TH
Panama City Piranhas batting - Pitching for Ft. Worth Cattlemen : LHP Gustavo Tobías
Batting: RHB Quindarious Monday 0-0: Foul Ball, location: 2F
0-1: Ball
1-1: Fly out, F9 (Flyball, 89D, EV 100.6 MPH)
Batting: RHB Craig Tricket 0-0: Called Strike
0-1: Foul Ball, location: 2F
0-2: Ball
1-2: Ball
2-2: Ball
3-2: Base on Balls
Batting: RHB Silvio Bonauiti 0-0: Called Strike
0-1: Ball
1-1: Ball
2-1: Foul Ball, location: 2F
2-2: Foul Ball, location: 2F
2-2: SINGLE (Groundball, 56D, EV 95.0 MPH)
Craig Tricket to second
Batting: SHB Tom Dickinson 0-0: Ball
1-0: Foul Ball, location: 2F
1-1: Foul Ball, location: 2F
1-2: Grounds into double play, 1-4-3 (Groundball, P, EV 61.9 MPH)
Bottom of the 4th over - 0 runs, 1 hit, 0 errors, 1 left on base; Ft. Worth 3 - Panama City 0
TOP OF THE 5TH
Ft. Worth Cattlemen batting - Pitching for Panama City Piranhas : LHP Todd Serrano
Batting: RHB Augusto Encarnación 0-0: Ball
1-0: Called Strike
1-1: Swinging Strike
1-2: Ball
2-2: Ground out 6-3 (Groundball, 6, EV 110.0 MPH)
Pitching: RHP Tobías Pérez
Batting: LHB José Corona 0-0: Called Strike
0-1: Ball
1-1: Foul Ball, location: 2F
1-2: Ball
2-2: TRIPLE (Line Drive, 89XD, EV 98.1 MPH)
Batting: LHB Craig Woods 0-0: Intentional Walk
Batting: RHB Mun-wah Law 0-0: Ball
1-0: Swinging Strike
1-1: Fly out, F9 (Flyball, 9D, EV 100.0 MPH)
Runner from 3rd tags up, SCORES, throw by RF
Batting: LHB Blake Browning 0-0: Called Strike
0-1: Ball
1-1: Ball
2-1: Ball
3-1: Fly out, F8 (Flyball, 8LM, EV 91.2 MPH)
Top of the 5th over - 1 run, 1 hit, 0 errors, 1 left on base; Ft. Worth 4 - Panama City 0
BOTTOM OF THE 5TH
Panama City Piranhas batting - Pitching for Ft. Worth Cattlemen : LHP Gustavo Tobías
Batting: RHB Chrysler Rodriguez 0-0: Ball
1-0: Foul Ball, location: 2F
1-1: Foul Ball, location: 2F
1-2: Fly out, F7 (Flyball, 7S, EV 80.6 MPH)
Batting: SHB Ben Boston 0-0: Ball
1-0: Swinging Strike
1-1: Ball
2-1: Foul Ball, location: 2F
2-2: Ball
3-2: Foul Ball, location: 2F
3-2: SINGLE (Groundball, 6MD, EV 97.5 MPH)
Batting: LHB King Rutledge 0-0: Foul Ball, location: 2F
0-1: Foul Ball, location: 2F
0-2: Fly out, F4 (Popup, 34D, EV 61.9 MPH)
Batting: RHB Arnie Taylor 0-0: Swinging Strike
0-1: Ball
1-1: Foul Ball, location: 2F
1-2: Foul Ball, location: 2F
1-2: Ball
2-2: Fly out, F7 (Line Drive, 7, EV 93.1 MPH)
Bottom of the 5th over - 0 runs, 1 hit, 0 errors, 1 left on base; Ft. Worth 4 - Panama City 0
TOP OF THE 6TH
Ft. Worth Cattlemen batting - Pitching for Panama City Piranhas : RHP Tobías Pérez
Batting: RHB Keiran Calleson 0-0: Ball
1-0: Foul Ball, location: 2F
1-1: Ground out 4-3 (Groundball, 4, EV 105.0 MPH)
Batting: LHB Glen Allen Mixon 0-0: Ball
1-0: Called Strike
1-1: Called Strike
1-2: Strikes out looking
Batting: RHB Mario Álvarez 0-0: Called Strike
0-1: Foul Ball, location: 2F
0-2: Ball
1-2: Ball
2-2: Ground out 5-3 (Groundball, 5, EV 90.0 MPH)
Top of the 6th over - 0 runs, 0 hits, 0 errors, 0 left on base; Ft. Worth 4 - Panama City 0
BOTTOM OF THE 6TH
Panama City Piranhas batting - Pitching for Ft. Worth Cattlemen : LHP Gustavo Tobías
Batting: RHB Petri Kallio 0-0: DOUBLE (Line Drive, 9LM, EV 107.5 MPH)
Batting: RHB Quindarious Monday 0-0: Swinging Strike
0-1: Foul Ball, location: 2F
0-2: Ball
1-2: SINGLE (Line Drive, 78S, EV 94.4 MPH)
Petri Kallio to third
Batting: RHB Craig Tricket 0-0: Ball
1-0: Foul Ball, location: 2F
1-1: Ball
2-1: SINGLE (Groundball, 3S, EV 67.5 MPH) (infield hit)
Petri Kallio scores
Quindarious Monday to second
Batting: RHB Silvio Bonauiti 0-0: Called Strike
Quindarious Monday steals 3rd base
Craig Tricket to second
0-1: Foul Ball, location: 2F
0-2: Ball
1-2: Ball
2-2: Ball
3-2: Base on Balls
Batting: SHB Tom Dickinson 0-0: Ball
1-0: Swinging Strike
1-1: Foul Ball, location: 2F
1-2: Strikes out swinging
Pitching: RHP Hiroaki Kouda
Batting: RHB Chrysler Rodriguez 0-0: Called Strike
0-1: Ball
1-1: Called Strike
1-2: Strikes out looking
Batting: SHB Ben Boston 0-0: Swinging Strike
0-1: Ground out 4-3 (Groundball, 34, EV 101.9 MPH)
Bottom of the 6th over - 1 run, 3 hits, 0 errors, 3 left on base; Ft. Worth 4 - Panama City 1
TOP OF THE 7TH
Ft. Worth Cattlemen batting - Pitching for Panama City Piranhas : RHP Tobías Pérez
Batting: LHB Mario Ramos 0-0: Fly out, F7 (Flyball, 7LS, EV 85.0 MPH)
Batting: RHB Augusto Encarnación 0-0: Swinging Strike
0-1: Ball
1-1: Fly out, F7 (Line Drive, 7, EV 98.8 MPH)
Batting: LHB José Corona 0-0: Ball
1-0: Ball
2-0: Fly out, F7 (Flyball, 78S, EV 91.9 MPH)
Top of the 7th over - 0 runs, 0 hits, 0 errors, 0 left on base; Ft. Worth 4 - Panama City 1
BOTTOM OF THE 7TH
Panama City Piranhas batting - Pitching for Ft. Worth Cattlemen : RHP Hiroaki Kouda
Batting: LHB King Rutledge 0-0: Called Strike
0-1: Called Strike
0-2: Ball
1-2: Foul Ball, location: 2F
1-2: Fly out, F8 (Flyball, 8LXD, EV 103.8 MPH)
Batting: RHB Arnie Taylor 0-0: Called Strike
0-1: DOUBLE (Groundball, 5L, EV 104.4 MPH)
Batting: RHB Petri Kallio 0-0: Ball
1-0: Ball
2-0: SINGLE (Groundball, 6MD, EV 103.1 MPH)
Arnie Taylor to third
Runner from 3rd tries for Home, SAFE, throw by CF to home
Petri Kallio to second
Batting: RHB Quindarious Monday 0-0: Ball
1-0: Ball
2-0: Ball
3-0: Called Strike
3-1: Fly out, F9 (Flyball, 89D, EV 105.0 MPH)
Batting: RHB Craig Tricket 0-0: Ball
1-0: Foul Ball, location: 2F
1-1: Called Strike
1-2: Strikes out swinging
Bottom of the 7th over - 1 run, 2 hits, 0 errors, 1 left on base; Ft. Worth 4 - Panama City 2
TOP OF THE 8TH
Ft. Worth Cattlemen batting - Pitching for Panama City Piranhas : RHP Tobías Pérez
Batting: LHB Craig Woods 0-0: Ball
1-0: Ball
2-0: Swinging Strike
2-1: Swinging Strike
2-2: Ball
3-2: Foul Ball, location: 2F
3-2: SINGLE (Groundball, 34D, EV 99.4 MPH)
Batting: RHB Mun-wah Law 0-0: Ball
1-0: Swinging Strike
1-1: Called Strike
1-2: SINGLE (Groundball, 34D, EV 106.9 MPH)
Craig Woods to second
Runner from 2nd tries for 3rd, SAFE, throw by RF made to third
Pitching: RHP Marvin Sidebottom
Batting: LHB Blake Browning 0-0: Called Strike
0-1: SINGLE (Groundball, 4MD, EV 105.0 MPH)
Craig Woods scores
Mun-wah Law to second
Runner from 2nd tries for 3rd, OUT! 8-5
Batting: RHB Keiran Calleson 0-0: Called Strike
Blake Browning steals 2nd base
0-1: Fly out, F9 (Flyball, 9, EV 81.9 MPH)
Runner from 2nd tags up, SAFE at 3rd with throw by RF
Batting: LHB Glen Allen Mixon 0-0: Called Strike
0-1: Ball
1-1: Foul Ball, location: 2F
1-2: Ball
2-2: Ball
3-2: Foul Ball, location: 2F
3-2: Ground out 4-3 (Groundball, 4, EV 90.0 MPH)
Top of the 8th over - 1 run, 3 hits, 0 errors, 1 left on base; Ft. Worth 5 - Panama City 2
BOTTOM OF THE 8TH
Panama City Piranhas batting - Pitching for Ft. Worth Cattlemen : RHP Hiroaki Kouda
Batting: RHB Silvio Bonauiti 0-0: Called Strike
0-1: Ball
1-1: SOLO HOME RUN (Flyball, 89XD, EV 100.0 MPH), Distance : 393 ft
Batting: SHB Tom Dickinson 0-0: Called Strike
0-1: Called Strike
0-2: Ball
1-2: Ball
2-2: Foul Ball, location: 2F
2-2: Ball
3-2: Foul Ball, location: 2F
3-2: SINGLE (Line Drive, 4, EV 95.6 MPH)
Pitching: RHP Jack Buyse
Batting: RHB Chrysler Rodriguez 0-0: Called Strike
0-1: Ball
1-1: Called Strike
1-2: Foul Ball, location: 2F
1-2: Strikes out swinging
Batting: SHB Ben Boston 0-0: Called Strike
0-1: Called Strike
0-2: Ball
1-2: Strikes out swinging
Batting: LHB King Rutledge 0-0: Fielders Choice at 2nd, 6-4 (Groundball, 6, EV 79.4 MPH)
Bottom of the 8th over - 1 run, 2 hits, 0 errors, 1 left on base; Ft. Worth 5 - Panama City 3
TOP OF THE 9TH
Ft. Worth Cattlemen batting - Pitching for Panama City Piranhas : RHP Marvin Sidebottom
Batting: RHB Mario Álvarez 0-0: Called Strike
0-1: Ball
1-1: Swinging Strike
1-2: Ball
2-2: Foul Ball, location: 2F
2-2: Ground out 5-3 (Groundball, 56S, EV 69.4 MPH)
Batting: LHB Mario Ramos 0-0: Ball
1-0: Ball
2-0: Fly out, F7 (Flyball, 7LM, EV 82.5 MPH)
Batting: RHB Augusto Encarnación 0-0: SINGLE (Groundball, 56D, EV 97.5 MPH)
Batting: LHB José Corona 0-0: Ball
1-0: Ball
2-0: Called Strike
Augusto Encarnación steals 2nd, throwing error, E2
Augusto Encarnación to third
2-1: Called Strike
2-2: Foul Ball, location: 2F
2-2: Ground out U3 (Groundball, 3, EV 85.6 MPH)
Top of the 9th over - 0 runs, 1 hit, 1 error, 1 left on base; Ft. Worth 5 - Panama City 3
BOTTOM OF THE 9TH
Panama City Piranhas batting - Pitching for Ft. Worth Cattlemen : RHP Jack Buyse
Pitching: RHP Gojong Joseon
Batting: RHB Arnie Taylor 0-0: Ball
1-0: Called Strike
1-1: Ball
2-1: Foul Ball, location: 2F
2-2: Foul Ball, location: 2F
2-2: Ball
3-2: SINGLE (Line Drive, 8LS, EV 98.1 MPH)
Batting: RHB Petri Kallio 0-0: Called Strike
0-1: 2-RUN HOME RUN (Flyball, 7D, EV 92.5 MPH), Distance : 368 ft
Batting: RHB Quindarious Monday 0-0: Ball
1-0: Called Strike
1-1: Swinging Strike
1-2: Ball
2-2: Ground out 1-3 (Groundball, 15S, EV 77.5 MPH)
Pinch Hitting: LHB Nathan Tanner 0-0: Fly out, F8 (Flyball, 8LM, EV 75.0 MPH)
Batting: RHB Silvio Bonauiti 0-0: Ball
1-0: Called Strike
1-1: Swinging Strike
1-2: Ball
2-2: Ball
3-2: Foul Ball, location: 2F
3-2: Foul Ball, location: 2F
3-2: Foul Ball, location: 2F
3-2: Strikes out swinging
Bottom of the 9th over - 2 runs, 2 hits, 0 errors, 0 left on base; Ft. Worth 5 - Panama City 5
TOP OF THE 10TH
Ft. Worth Cattlemen batting - Pitching for Panama City Piranhas : RHP Marvin Sidebottom
Pitching: LHP Joe Khokar
Now at 1B: António Mendoza
Batting: LHB Craig Woods 0-0: SINGLE (Line Drive, 89S, EV 92.5 MPH)
Batting: RHB Mun-wah Law 0-0: Called Strike
0-1: Grounds into double play, 5-4-3 (Groundball, 56S, EV 77.5 MPH)
Batting: LHB Blake Browning 0-0: Swinging Strike
0-1: Ball
1-1: Swinging Strike
1-2: Foul Ball, location: 2F
1-2: Strikes out swinging
Top of the 10th over - 0 runs, 1 hit, 0 errors, 0 left on base; Ft. Worth 5 - Panama City 5
BOTTOM OF THE 10TH
Panama City Piranhas batting - Pitching for Ft. Worth Cattlemen : RHP Gojong Joseon
Pitching: RHP Karl Dandleton
Batting: SHB Tom Dickinson 0-0: Swinging Strike
0-1: Fly out, F6 (Popup, P, EV 84.4 MPH)
Batting: RHB Chrysler Rodriguez 0-0: Ball
1-0: Fly out, F8 (Flyball, 89XD, EV 98.1 MPH)
Batting: SHB Ben Boston 0-0: Ball
1-0: Ground out U3 (Groundball, 3, EV 81.9 MPH)
Bottom of the 10th over - 0 runs, 0 hits, 0 errors, 0 left on base; Ft. Worth 5 - Panama City 5
TOP OF THE 11TH
Ft. Worth Cattlemen batting - Pitching for Panama City Piranhas : LHP Joe Khokar
Batting: RHB Keiran Calleson 0-0: Ball
1-0: Fly out, F8 (Line Drive, 8LM, EV 106.2 MPH)
Batting: LHB Glen Allen Mixon 0-0: Swinging Strike
0-1: Swinging Strike
0-2: Strikes out swinging
Batting: RHB Mario Álvarez 0-0: Swinging Strike
0-1: Fly out, F5 (Popup, 56S, EV 83.1 MPH)
Top of the 11th over - 0 runs, 0 hits, 0 errors, 0 left on base; Ft. Worth 5 - Panama City 5
BOTTOM OF THE 11TH
Panama City Piranhas batting - Pitching for Ft. Worth Cattlemen : RHP Karl Dandleton
Batting: LHB King Rutledge 0-0: Ball
1-0: Ball
2-0: Ball
3-0: Base on Balls
Batting: RHB Arnie Taylor 0-0: Sac Bunt to 2L - play at first, batter OUT! 2-4
King Rutledge to second
Batting: RHB Petri Kallio 0-0: Intentional Walk
Batting: RHB Quindarious Monday 0-0: Foul Ball, location: 2F
0-1: Ball
1-1: Hit by Pitch
King Rutledge to third
Petri Kallio to second
Batting: RHB António Mendoza 0-0: Ball
1-0: Called Strike
1-1: Ball
2-1: Foul Ball, location: 2F
2-2: Ball
3-2: Base on Balls
King Rutledge scores
Petri Kallio to third
Quindarious Monday to second
Friday, April 17th, 2020 - OOTP Baseball 20.8 Build 74